 Dungeon Crawl Stone Soup version 0.31-a0-656-gb4d89c20fa (webtiles) character file.

Game seed: 11585355876490350304

22094 eelars the Eclecticist (level 12, -3/53 HPs)
             Began as a Deep Elf Summoner on Aug 30, 2023.
             Was a Priest of Hepliaklqana.
             Shot with an arrow by a centaur warrior (13 damage)
             ... on level 14 of the Dungeon.
             The game lasted 00:44:19 (13714 turns).

eelars the Eclecticist (Deep Elf Summoner)         Turns: 13714, Time: 00:44:19

Health: -3/53      AC:  5    Str:  5    XL:     12   Next: 60%
Magic:  22/33      EV: 20    Int: 32    God:    Hepliaklqana [***...]
Gold:   778        SH:  5    Dex: 15    Spells: 25/42 levels left

rFire   . . .        j - +2 dagger (protect)
rCold   . . .        (no shield)
rNeg    . . .        N - +1 robe
rPois   .            r - +0 helmet
rElec   .            (no cloak)
rCorr   .            L - +0 pair of gloves
SInv    .            (no boots)
Will    +....        o - amulet of reflection
Stlth   ++           k - +6 ring of intelligence
HPRegen 0.28/turn    p - ring of wizardry
MPRegen 0.23/turn

%: reflection, wizardry (x1)
@: no status effects
A: reduced essence
a: Renounce Religion, Recall Ancestor, Ancestor Identity, Transference


You were on level 14 of the Dungeon.
You worshipped Hepliaklqana.
Hepliaklqana was most pleased with you.
You visited 2 branches of the dungeon, and saw 14 of its levels.

You collected 778 gold pieces.

Inventory:

Hand Weapons
 c - the +4 sling of the First Ships {freeze, Dex+2 SInv}
   (You found it on level 4 of the Dungeon)

   Dex+2:     It affects your dexterity (+2).
   SInv:      It lets you see invisible.
 j - a +2 dagger of protection (weapon)
 u - a +1 heavy spear
 w - a +1 whip of venom
 M - a +1 scimitar of flaming
 P - the +4 rapier "Qeotocw" {flame, rElec Will+ rCorr Str-5}
   (You took it off an orc warrior on level 9 of the Dungeon)

   Str-5:     It affects your strength (-5).
   rElec:     It insulates you from electricity.
   Will+:     It increases your willpower.
   rCorr:     It protects you from acid and corrosion.
 S - a +0 flail of protection
Armour
 a - a +0 robe
 r - a +0 helmet (worn)
 L - a +0 pair of gloves (worn)
 N - a +1 robe (worn)
 W - a +0 troll leather armour
Jewellery
 k - a +6 ring of intelligence (left hand)
 o - an amulet of reflection (around neck)
 p - a ring of wizardry (right hand)
 t - a ring of protection from fire
 C - an amulet of faith
 G - a ring of magical power
 H - a +5 ring of evasion
 J - a +4 ring of protection
 R - a ring of willpower
Wands
 i - a wand of roots (16)
 O - a wand of charming (16)
 Q - a wand of flame (11)
 U - a wand of quicksilver (4)
Scrolls
 d - 2 scrolls of enchant armour
 f - 7 scrolls of revelation
 g - 3 scrolls of blinking
 h - 5 scrolls of teleportation
 l - 4 scrolls of fear
 m - 5 scrolls of fog
 v - a scroll of poison {unknown}
 x - 5 scrolls of amnesia
 y - a scroll of noise {unknown}
 B - 2 scrolls of enchant weapon {unknown}
 F - a scroll of brand weapon {unknown}
 I - a scroll of immolation {unknown}
 X - a scroll of silence {unknown}
Potions
 b - 2 potions of magic
 e - 2 potions of resistance {unknown}
 n - 3 potions of might
 q - 5 potions of curing
 s - 4 potions of haste
 z - 2 potions of lignification
 A - a potion of ambrosia {unknown}
 D - 4 potions of enlightenment {unknown}
 E - a potion of heal wounds {unknown}
 K - a potion of invisibility {unknown}
 T - a potion of degeneration {unknown}
 V - 3 potions of brilliance {unknown}


   Skills:
 + Level 14.6 Dodging
 - Level 2.4 Stealth
 + Level 15.7 Spellcasting
 + Level 13.8 Summonings
 + Level 3.9 Air Magic


You had 25 spell levels left.
You knew the following spells:

 Your Spells              Type           Power      Damage    Failure   Level
a - Summon Small Mammal   Summ           100%       N/A       0%          1
b - Call Imp              Summ           100%       N/A       0%          2
c - Call Canine Familiar  Summ           85%        N/A       0%          3
d - Summon Guardian Gole  Hex/Summ       62%        N/A       1%          3
e - Summon Lightning Spi  Summ/Air       70%        N/A       1%          4
f - Summon Ice Beast      Ice/Summ       62%        N/A       1%          4

Your spell library contained the following spells:

 Spells                   Type           Power      Damage    Failure   Level
 Apportation              Tloc           50%        N/A       1%          1
 Foxfire                  Conj/Fire      100%       2x1d9     1%          1
 Sting                    Tmut/Pois      100%       1d8       1%          1
 Lesser Beckoning         Tloc           50%        N/A       1%          2
 Poisonous Vapours        Pois/Air       74%        N/A       1%          2
 Gell's Gravitas          Tloc           25%        N/A       1%          3
 Hailstorm                Conj/Ice       25%        3d7       1%          3
 Stone Arrow              Conj/Erth      50%        3d10      1%          3
 Teleport Other           Tloc           25%        N/A       1%          3
 Animate Armour           Summ/Erth      100%       N/A       1%          4
 Olgreb's Toxic Radiance  Pois           25%        N/A       7%          4
 Plasma Beam              Fire/Air       18%        2x1d30    41%         6
 Simulacrum               Ice/Necr       12%        N/A       67%         6
 Starburst                Conj/Fire      12%        6d5       67%         6
 Lehudib's Crystal Spear  Conj/Erth      12%        10d4      100%        8


Dungeon Overview and Level Annotations

Branches:
Dungeon (12/15)            Temple (1/1) D:5            Lair (0/5) D:9
    Orc (0/2) D:9

Altars:
Ashenzari
Cheibriados
Dithmenos
Elyvilon
Fedhas
Gozag
Hepliaklqana
Kikubaaqudgha
Makhleb
Nemelex Xobeh
Okawaru
Qazlal
Ru
Sif Muna
Trog
Uskayaw
Vehumet
Wu Jian
Xom
Yredelemnul
Zin
The Shining One

Shops:
D:6 [   D:12 [

Portals:
Trove: D:10 (give 13 potions of heal wounds)

Annotations:
D:11 1 runed translucent door, Reshi88's ghost, journeyman SpHu


Message History

Something kicks your lightning spire but does no damage.
Something hits your lightning spire but does no damage.
Something completely misses your lightning spire.
Something hits your lightning spire.
Something kicks your lightning spire but does no damage.
Something hits your lightning spire.
Something barely misses your lightning spire.
Your lightning spire disappears in a puff of smoke!
The centaur warrior wields a +0 shortbow.
The centaur warrior shoots an arrow.
The arrow hits your guardian golem!
Your guardian golem is destroyed!
Your guardian golem disappears in a puff of smoke!
The centaur warrior unwields a +0 shortbow.
The centaur warrior hits you but does no damage.
You block the centaur warrior's attack.
Casting: Summon Lightning Spire (safe; 1% risk of failure)
Confirm with . or Enter, or press ? or * to list all spells.
A tiny devil pulls itself out of the air.
The centaur warrior completely misses you.
The centaur warrior closely misses you.
You swap places.
The centaur warrior wields a +0 shortbow.
The centaur warrior shoots an arrow.
The arrow closely misses your cerulean imp.
The arrow closely misses you.
Your cerulean imp hits the centaur warrior but does no damage.
The centaur warrior shoots an arrow.
The arrow hits your cerulean imp!
The centaur warrior shoots an arrow.
The arrow hits your cerulean imp!!
Your cerulean imp dies!
Your cerulean imp disappears in a puff of smoke!
Casting: Call Imp (safe; 0% risk of failure)
Confirm with . or Enter, or press ? or * to list all spells.
An electric hum fills the air.
The centaur warrior shoots an arrow.
The arrow hits you!
The centaur warrior shoots an arrow.
The arrow hits you!
* * * LOW HITPOINT WARNING * * *
Casting: Summon Lightning Spire (safe; 1% risk of failure)
Confirm with . or Enter, or press ? or * to list all spells.
A guardian golem appears, shielding your allies.
The centaur warrior shoots an arrow.
The arrow hits you!
You die...

#...#.#
####....#.#
#...#.#
........#.#
......#
#>..##.#
....#.#
.#...#
......###
#.###
.........
#.#
..##.####
#9# .## .#
#8# ..# .#
#@# #....#
#.# ..####
# #.# .##
#####.###c#
..#
...c..[...#
...#
######.####
....# #<
...... #.
....## #.


You could see a centaur warrior (ally target), a friendly guardian golem
(summoned) and a friendly lightning spire (summoned, sheltered).

Vanquished Creatures
  An endoplasm (D:1)
1 creature vanquished.

Vanquished Creatures (collateral kills)
  2 hydras (D:9)
  Erica (D:8)
  6 two-headed ogres
  Urug (D:11)
  3 slime creatures
  Pikel (D:7)
  A deep elf pyromancer (D:12)
  2 ugly things
  A gargoyle (D:9)
  An unseen horror (D:11)
  3 kobold demonologists
  A shadow (D:10)
  A vampire (D:11)
  6 wyverns
  17 yaks
  Grum (D:8)
  4 vampire mosquitoes (D:12)
  3 water moccasins
  A black bear (D:9)
  7 orc warriors
  2 ice beasts (D:7)
  2 sky beasts (D:8)
  An ogre (D:12)
  7 wolves
  2 centaurs
  A phantom (D:4)
  2 lemures (D:7)
  2 kobold brigands
  3 bullfrogs
  2 scorpions
  2 howler monkeys
  Crazy Yiuf (D:7)
  2 jellies
  3 orc priests
  A hound (D:5)
  3 sleepcaps
  9 orc wizards
  7 iguanas
  A mummy (D:9)
  5 adders
  A white imp (D:5)
  An ufetubus (D:3)
  2 worms
  2 dart slugs (D:1)
  25 orcs
  11 ball pythons
  4 bats
  4 endoplasms
  2 giant cockroaches
  7 goblins
  7 hobgoblins
  2 jackals (D:4)
  11 kobolds
  A quokka (D:3)
  3 frilled lizards
  6 rats
210 creatures vanquished.

Vanquished Creatures (others)
  An ogre mage (D:12)
  3 two-headed ogres
  An ugly thing (D:14)
  A kobold demonologist (D:11)
  2 trolls
  A slime creature (D:12)
  A yak (D:10)
  An orc warrior (D:9)
  2 ice beasts
  2 ogres (D:12)
  2 centaurs
  Blork the orc (D:5)
  A howler monkey (D:8)
  An orc priest (D:9)
  2 iguanas
  4 battlemagi
  6 ancestors
  An orc (D:5)
33 creatures vanquished.

Grand Total: 244 creatures vanquished

Notes
Turn   | Place    | Note
-------+----------+-------------------------------------------
     0 | D:1      | eelars the Deep Elf Summoner began the quest for the Orb.
     0 | D:1      | Reached XP level 1. HP: 10/10 MP: 6/6
   318 | D:1      | Reached XP level 2. HP: 15/15 MP: 5/8
   331 | D:1      | Learned a level 2 spell: Call Imp
   823 | D:1      | Reached XP level 3. HP: 19/19 MP: 5/10
   827 | D:1      | Learned a level 3 spell: Call Canine Familiar
   831 | D:1      | Learned a level 3 spell: Summon Guardian Golem
  1280 | D:2      | Found a faded altar of an unknown god.
  1289 | D:2      | Got Plato's Meditations on Wanderlust
  1367 | D:2      | Reached skill level 4 in Spellcasting
  1418 | D:2      | Reached skill level 5 in Summonings
  1933 | D:2      | Reached XP level 4. HP: 24/24 MP: 8/12
  3261 | D:3      | Noticed an ice beast
  3287 | D:3      | Killed an ice beast
  3288 | D:3      | Reached XP level 5. HP: 28/28 MP: 3/14
  3295 | D:3      | Learned a level 4 spell: Summon Lightning Spire
  3577 | D:4      | Identified the +4 sling of the First Ships {freeze, Dex+2
                  | SInv}
  3636 | D:4      | Reached skill level 5 in Spellcasting
  3805 | D:4      | Noticed a phantom
  3867 | D:4      | Killed a phantom
  3868 | D:4      | Reached XP level 6. HP: 21/32 MP: 2/16
  4067 | D:4      | Reached skill level 5 in Dodging
  4334 | D:4      | Found an iron altar of Okawaru.
  4374 | D:4      | Found an opulent altar of Gozag.
  4915 | D:5      | Entered Level 5 of the Dungeon
  4927 | D:5      | Reached skill level 6 in Spellcasting
  5430 | D:5      | Found a staircase to the Ecumenical Temple.
  5441 | Temple   | Entered the Ecumenical Temple
  5451 | Temple   | Became a worshipper of Hepliaklqana the Forgotten
  5513 | D:5      | Reached XP level 7. HP: 36/36 MP: 12/18
  5603 | D:5      | Learned a level 4 spell: Summon Ice Beast
  5605 | D:5      | Noticed Blork the orc
  5621 | D:5      | Killed Blork the orc
  6042 | D:5      | Found a shimmering altar of Xom.
  6042 | D:5      | Found an ornate altar of the Wu Jian Council.
  6043 | D:5      | Found a sacrificial altar of Ru.
  6160 | D:6      | Found Anest's Antique Armour Shoppe.
  6603 | D:6      | Reached skill level 7 in Spellcasting
  7395 | D:7      | Reached XP level 8. HP: 41/41 MP: 10/21
  7406 | D:7      | Reached skill level 8 in Spellcasting
  7477 | D:7      | Reached * piety under Hepliaklqana
  7656 | D:7      | Noticed Pikel
  7664 | D:7      | Killed Pikel
  7665 | D:7      | Reached skill level 9 in Spellcasting
  8043 | D:7      | Found a runed translucent door.
  8044 | D:7      | Noticed Crazy Yiuf
  8173 | D:7      | Killed Crazy Yiuf
  8174 | D:7      | Reached XP level 9. HP: 40/40 MP: 17/24
  8797 | D:8      | Noticed a two-headed ogre
  8808 | D:8      | Killed a two-headed ogre
  8809 | D:8      | Reached skill level 10 in Spellcasting
  8992 | D:8      | Noticed Erica
  9004 | D:8      | Killed Erica
  9005 | D:8      | Reached skill level 10 in Dodging
  9101 | D:8      | Reached skill level 11 in Spellcasting
  9145 | D:8      | Noticed Grum
  9164 | D:8      | Reached skill level 10 in Summonings
  9171 | D:8      | Killed Grum
  9173 | D:8      | Reached XP level 10. HP: 45/45 MP: 13/27
  9574 | D:9      | Noticed a two-headed ogre
  9580 | D:9      | Killed a two-headed ogre
  9651 | D:9      | Noticed an eight-headed hydra
  9661 | D:9      | Killed an eight-headed hydra
  9662 | D:9      | Reached skill level 12 in Spellcasting
  9875 | D:9      | Found a staircase to the Lair.
  9894 | D:9      | Identified the +4 rapier "Qeotocw" {flame, rElec Will+
                  | rCorr Str-5}
  9961 | D:9      | Found a staircase to the Orcish Mines.
 10040 | D:9      | Reached XP level 11. HP: 41/48 MP: 15/29
 10050 | D:9      | Reached skill level 13 in Spellcasting
 10374 | D:9      | Found a snail-covered altar of Cheibriados.
 10433 | D:9      | Noticed a two-headed ogre
 10454 | D:9      | Killed a two-headed ogre
 10573 | D:9      | Noticed a six-headed hydra
 10597 | D:9      | Killed a six-headed hydra
 10710 | D:9      | Noticed a soul eater
 10945 | D:10     | Entered Level 10 of the Dungeon
 11096 | D:10     | Reached ** piety under Hepliaklqana
 11126 | D:10     | Remembered your ancestor Edwyna as a battlemage
 11400 | D:10     | Reached skill level 14 in Spellcasting
 11672 | D:10     | Found a portal to a secret trove of treasure.
 12022 | D:11     | Noticed Urug
 12032 | D:11     | Killed Urug
 12300 | D:11     | Noticed a two-headed ogre
 12306 | D:11     | Killed a two-headed ogre
 12396 | D:11     | Found a runed translucent door.
 12396 | D:11     | Noticed Reshi88's ghost (journeyman SpHu)
 12420 | D:11     | Noticed a two-headed ogre
 12430 | D:11     | Killed a two-headed ogre
 12458 | D:11     | Reached XP level 12. HP: 40/53 MP: 26/32
 13043 | D:12     | Reached skill level 1 in Air Magic
 13117 | D:12     | Reached skill level 15 in Spellcasting
 13196 | D:12     | Noticed a two-headed ogre
 13196 | D:12     | Noticed a two-headed ogre
 13198 | D:12     | Noticed a two-headed ogre
 13202 | D:12     | Noticed a two-headed ogre
 13202 | D:12     | Killed a two-headed ogre
 13204 | D:12     | Killed a two-headed ogre
 13205 | D:12     | Killed a two-headed ogre
 13209 | D:12     | Killed a two-headed ogre
 13213 | D:12     | Killed an ogre mage
 13298 | D:12     | Found a gate leading to a gauntlet.
 13324 | D:12     | Found Guqa Lic's Antique Armour Shoppe.
 13485 | D:12     | You fall into a shaft and drop 2 floors!
 13660 | D:14     | Reached *** piety under Hepliaklqana
 13690 | D:14     | Noticed a centaur warrior
 13714 | D:14     | Shot with an arrow by a centaur warrior

Illustrated notes

Levels and vault maps discovered:
D:1:      minmay_arrival_four_houses, layout_basic, st_stairs_14,
          hangedman_decor_clover_reticule
D:2:      cheibrodos_helix_gallery, layout_loops_ring,
          shapermc_ecumenical_altar_rom_forum, bh_walls_and_bars
D:3:      layout_loops_corners, kennysheep_generic_room_8
D:4:      layout_loops_corners, mainiacjoe_overflow_catch_the_wave
D:5:      layout_basic, gammafunk_temple_overflow_claw,
          minmay_temple_entry_antechambers, minmay_misc_feat_more_columns,
          minmay_misc_feat_rows, minmay_misc_feat_alley, uniq_blork_the_orc
D:6:      layout_loops_ring, serial_shops, nicolae_stop_n_shop_2
D:7:      layout_basic, uniq_crazy_yiuf_cottage, uniq_pikel
D:8:      nicolae_cairo_tiling, layout_cave_pools, enter_bailey_6,
          roderic_lattice_a, kennysheep_generic_room_14, uniq_erica, uniq_grum
D:9:      minmay_chambers_of_sixes, layout_cave_pools, slow_altar_2,
          minmay_lair_entry_grove, minmay_orc_entry_temple_small
D:10:     layout_basic, enter_trove_2
D:11:     layout_basic, ebering_ghost_reflecting_pool, uniq_urug
D:12:     layout_basic, gauntlet_entry_generic, serial_shops, shop
D:14:     layout_loops_ring, hex_tiny, fungi_pond_lemuel, nicolae_diode_basic,
          uniq_lodul
Temple:   eino_temple_rhombus

Skill      XL: |  1  2  3  4  5  6  7  8  9 10 11 12 |
---------------+-------------------------------------+-----
Dodging        | 3 4 5 7 8 10 12 13 14 | 14.6
Spellcasting   | 4 5 6 7 9 11 12 14 15 | 15.7
Summonings     | 5 6 7 8 10 11 13 | 13.8
Air Magic      | 3 |  3.9
Stealth        | |  2.4

Action                     |  1- 3 |  4- 6 |  7- 9 | 10-12 || total
---------------------------+-------+-------+-------+-------++-------
  Melee: Dagger            |     5 |     8 |     1 |     5 ||    19
         Punch             |       |       |       |     1 ||     1
   Cast: Summon Small Mamm |    62 |    36 |    13 |    33 ||   144
         Call Imp          |    20 |    23 |    15 |    30 ||    88
         Call Canine Famil |     3 |    23 |    29 |    44 ||    99
         Summon Guardian G |       |     3 |    23 |    39 ||    65
         Summon Lightning  |       |       |    11 |    33 ||    44
         Summon Ice Beast  |       |       |     2 |     3 ||     5
 Invoke: Ancestor Life: Ba |       |       |       |     1 ||     1
    Use: Scroll            |     1 |     4 |     4 |     3 ||    12
 Armour: Robe              |     3 |     4 |     6 |     6 ||    19
  Dodge: Dodged            |    10 |    12 |    24 |    35 ||    81
  Block: Other             |       |     3 |     9 |     8 ||    20
         Reflection        |       |       |       |     2 ||     2

Table legend: (Time is in decaauts)
 A = Elapsed time spent in this place.
 B = Non-inter-level travel time spent in this place.
 C = Inter-level travel time spent in this place.
 D = Time resting spent in this place.
 E = Time spent auto-exploring this place.
 F = Levels seen in this place.
 G = Mean time per level.
                   A        B        C        D        E       F      G
               +--------+--------+--------+--------+--------+-----+--------+
         Total |  13714 |  13347 |    367 |      0 |  10133 |  14 |  979.6 |
       Dungeon |  13687 |  13329 |    358 |      0 |  10133 |  13 | 1052.8 |
        Temple |     26 |     17 |      9 |      0 |      0 |   1 |   26.0 |
               +--------+--------+--------+--------+--------+-----+--------+

Top non-repeatable levels by time:
     D:9: 1380 daAuts
     D:3: 1369 daAuts
     D:4: 1352 daAuts
     D:8: 1280 daAuts
    D:10: 1233 daAuts
     D:5: 1206 daAuts
     D:2: 1165 daAuts
     D:7: 1164 daAuts
     D:1: 1026 daAuts
     D:6: 971 daAuts
    D:11: 723 daAuts
    D:12: 584 daAuts
    D:14: 228 daAuts
  Temple: 26 daAuts
